 Dungeon Crawl Stone Soup version 0.29.1-15-g9cfb28693d (webtiles) character file.

Game seed: 14934385191409429423

7 QwertyIsDirtey the Cudgeller (level 1, 0/20 HPs)
             Began as a Minotaur Berserker on Mar 24, 2023.
             Was a Follower of Trog.
             Slain by a jackal (1 damage)
             ... on level 2 of the Dungeon.
             The game lasted 00:00:39 (139 turns).

QwertyIsDirtey the Cudgeller (Minotaur Berserker)    Turns: 139, Time: 00:00:40

Health: 0/20       AC:  8    Str: 21    XL:     1   Next: 91%
Magic:  0/0        EV: 11    Int:  4    God:    Trog [*.....]
Gold:   0          SH:  0    Dex:  9    Spells: 0/0 levels left

rFire   . . .      SeeInvis .   a - +0 mace
rCold   . . .      Faith    .   (no shield)
rNeg    . . .      Spirit   .   f - +3 ring mail
rPois   .          Reflect  .   (helmet restricted)
rElec   .          Harm     .   (no cloak)
rCorr   .          Rampage  .   (no gloves)
Will    .....                   (no boots)
Stlth   ..........              (no amulet)
HPRegen 0.06/turn               (no ring)
MPRegen 0.07/turn               (no ring)

@: no status effects
A: horns 2, retaliatory headbutt
a: Renounce Religion, Berserk


You were on level 2 of the Dungeon.
You worshipped Trog.
Trog was aware of your devotion.
You visited 1 branch of the dungeon, and saw 2 of its levels.

Inventory:

Hand Weapons
 a - a +0 mace (weapon)
Missiles
 d - 4 atropa-tipped darts (quivered)
Armour
 b - a +0 animal skin
 f - a +3 ring mail (worn)
Scrolls
 e - a scroll of immolation {unknown}
Potions
 c - a potion of flight {unknown}


   Skills:
 + Level 3.8 Fighting
 + Level 3.9 Maces & Flails
 + Level 2.5 Armour
 + Level 2.3 Dodging


You couldn't memorise any spells.
You didn't know any spells.
Your spell library was empty.

Dungeon Overview and Level Annotations

Branches:
Dungeon (2/15)

Altars:


Innate Abilities, Weirdness & Mutations

You have a pair of horns on your head.
You reflexively headbutt those who attack you in melee.


Message History

The jackal bites you.
You closely miss the jackal. The jackal closely misses you.
The jackal bites you but does no damage.
The jackal bites you.
The jackal bites you but does no damage.
The worm bites you but does no damage.
You hit the jackal but do no damage. The jackal bites you.
* * * LOW HITPOINT WARNING * * *
The jackal closely misses you. The jackal barely misses you.
The jackal bites you but does no damage. x3
The jackal barely misses you. The jackal completely misses you.
You furiously retaliate!
You headbutt the jackal, but do no damage.
Unknown command.
Unknown command.
You hit the jackal. You headbutt the jackal.
You kill the jackal!
Trog accepts your kill.
The jackal bites you but does no damage.
The jackal barely misses you. You furiously retaliate!
You headbutt the jackal, but do no damage.
The jackal closely misses you. The worm bites you.
* * * LOW HITPOINT WARNING * * *
The jackal completely misses you.
The jackal bites you but does no damage.
The jackal closely misses you.
You hit the goblin.
You kill the goblin!
Trog accepts your kill. The jackal barely misses you.
The jackal bites you but does no damage.
The jackal closely misses you. You furiously retaliate!
You headbutt the jackal, but do no damage.
The worm bites you.
* * * LOW HITPOINT WARNING * * *
The jackal barely misses you.
You barely miss the jackal.
The jackal is almost dead.
The jackal bites you.
You die...

...#.....#....# ...##.#
...# .. ...##.###..#
#.## ...........#
..###### .
....##..$..####......#..
....##.......<.....#....
...............)......!.
.#.#...........whh......
...#..........$.@)......
.####............h......
.# ...#.....<...........
##......................
####....####.....###..
#..#.. .###### .. #. ##


You could see a worm and 3 jackals.

Vanquished Creatures
  A worm (D:2)
  A goblin (D:2)
  A jackal (D:2)
  2 kobolds (D:2)
5 creatures vanquished.

Notes
Turn   | Place    | Note
-------+----------+-------------------------------------------
     0 | D:1      | QwertyIsDirtey the Minotaur Berserker began the quest for
                  | the Orb.
     0 | D:1      | Reached XP level 1. HP: 19/19 MP: 0/0
   138 | D:2      | HP: 1/20 [worm (3)]
   139 | D:2      | Slain by a jackal

Illustrated notes

Levels and vault maps discovered:
D:1:      dpeg_arrival_simpleton_b, layout_basic,
          shapermc_ecumenical_altar_mp_urbaneastern,
          ebering_dispersal_statue_hall
D:2:      layout_rooms

Action                   || total
-------------------------++-------
Melee: Mace              ||    13
       Headbutt          ||     2
Armor: Ring mail         ||    15
Dodge: Dodged            ||    22
